 Dungeon Crawl Stone Soup version 0.31-a0-214-gb37851dbb3 (webtiles) character file.

Game seed: 12028337384873977845

191 qw the Shield-Bearer (level 5, 0/32 HPs)
             Began as a Gargoyle Fighter on July 1, 2023.
             Slain by Pikel
             ... wielding a +0 whip of freezing
              (7 damage)
             ... on level 4 of the Dungeon.
             The game lasted 00:01:54 (3141 turns).

qw the Shield-Bearer (Gargoyle Fighter)             Turns: 3141, Time: 00:01:54

Health: 0/32       AC: 14    Str: 21    XL:     5   Next: 70%
Magic:  5/5        EV:  4    Int:  9    God:
Gold:   266        SH: 13    Dex:  9    Spells: 4/4 levels left

rFire   . . .        Y - +1 war axe (drain)
rCold   + . .        n - +0 tower shield
rNeg    + . .        b - +0 scale mail
rPois   inf          (no helmet)
rElec   +            i - +0 cloak
rCorr   .            (no gloves)
SInv    +            (no boots)
Will    .....        (no amulet) Stlth
                     h - ring of see invisible
HPRegen 0.25/turn    (no ring)
MPRegen 0.09/turn

%: no passive effects
@: constricted
A: sickness immunity, AC +4, negative energy resistance 1, electricity
resistance, torment resistance 1, petrification resistance, iridescent scales 1,
cold resistance 1
a: no special abilities


You were on level 4 of the Dungeon.
You visited 1 branch of the dungeon, and saw 4 of its levels.

You collected 266 gold pieces.


Innate Abilities, Weirdness & Mutations

You are immune to sickness and miasma.
Your stone body is resilient. (AC +4)
You are immune to poison.
You resist negative energy. (rN+)
You are resistant to electric shocks. (rElec)
You are resistant to unholy torment.
You are immune to petrification.
You are partially covered in iridescent scales. (AC +2)
Your flesh is cold resistant. (rC+)


   Skills:
 - Level 3.2 Fighting
 - Level 3.0 Axes
 - Level 3.2 Armour
 + Level 6.1 Shields


You had 4 spell levels left.
You didn't know any spells.
Your spell library was empty.

Inventory:

Hand Weapons
 p - a +1 heavy hand axe
 r - a +3 flail of protection
 Y - a +1 war axe of draining (weapon)
Armour
 b - a +0 scale mail (worn)
 i - a +0 cloak (worn)
 n - a +0 tower shield (worn)
Jewellery
 h - a ring of see invisible (left hand)
Potions
 c - a potion of lignification {unknown}
 d - 2 potions of might
 f - a potion of degeneration {unknown}
 g - a potion of cancellation {unknown}
 m - a potion of magic {unknown}
 o - a potion of mutation

Dungeon Overview and Level Annotations

Branches:
Dungeon (4/15)
 Temple: D:4-7

Altars:
Gozag
Qazlal
Trog

Annotations:
D:3 exclusion: moth of wrath
D:4 Pikel


Message History

You hit the lemure.
You kill the lemure!
That felt strangely unrewarding.
You closely miss the lemure. The lemure barely misses you.
The lemure hits you but does no damage.
You hit the lemure.
The lemure is severely wounded.
The lemure hits you but does no damage.
Pikel, Merchant of Souls comes into view.
He is wielding a +0 whip of freezing.
You block the lemure's attack.
Pikel shouts!
You hit the lemure.
The lemure is severely wounded.
You block the lemure's attack.
You miss the lemure.
The lemure is severely wounded.
You block the lemure's attack. The lemure hits you!
The ball python hisses angrily.
You slash the lemure!
You kill the lemure!
That felt strangely unrewarding.
You completely miss Pikel. Pikel hits you but does no damage. x2
You hit Pikel but do no damage. You hit the ball python.
The ball python barely misses you. You block the ball python's attack.
Pikel hits you but does no damage. The ball python bites you.
The ball python closely misses you.
You barely miss the ball python.
The ball python is severely wounded.
You closely miss Pikel. You block the ball python's attack.
The ball python grabs you. The ball python constricts you.
Pikel hits you but does no damage.
The ball python bites you but does no damage.
The ball python constricts you. You block Pikel's attack.
You barely miss the ball python.
The ball python is severely wounded.
You hit Pikel.
The ball python bites you but does no damage.
The ball python constricts you.
Pikel hits you with a +0 whip of freezing!
You die...

#.#.# #......#######
S...... #.#.#
#.........?.....#
....... #...#
######..........#
....... #...#
#..........# .......
#...# #..........#
....K.. #...#####
#..........# .....##
#.......#
#..........##
#.#.#...##
#....K.......
#.#.#....###....@S##
#.#.#.............#
#.#.#...#######...#
#.#!#...# #####
#.#.#...# #.#.#...#
#.#.#...# #...#####
######
################
######.[..####


You could see Pikel and a ball python.

Vanquished Creatures
  4 lemures (D:4)
  An iguana (D:4)
  3 gnolls (D:4)
  4 adders
  2 ufetubi (D:4)
  4 worms
  A dart slug (D:3)
  An orc (D:4)
  5 endoplasms
  3 giant cockroaches
  7 goblins
  5 hobgoblins
  3 jackals
  2 quokkas
  7 ball pythons
  5 bats
  4 frilled lizards
  12 kobolds
  9 rats
82 creatures vanquished.

Notes
Turn   | Place    | Note
-------+----------+-------------------------------------------
     0 | D:1      | qw the Gargoyle Fighter began the quest for the Orb.
     0 | D:1      | Reached XP level 1. HP: 14/14 MP: 1/1
     0 | D:1      | 0 ||| qw: Version: 0.3-a-32-g5962c71
     0 | D:1      | 0 ||| qw: Game counter: 7585
     0 | D:1      | 0 ||| qw: Melee chars always use a shield: true
     0 | D:1      | 0 ||| qw: God list: Okawaru
     0 | D:1      | 0 ||| qw: Allow faded altars: false
     0 | D:1      | 0 ||| qw: Do Orc after clearing Dungeon:15 true
     0 | D:1      | 0 ||| qw: Do second Lair branch before Depths: true
     0 | D:1      | 0 ||| qw: Lair rune preference: random
     0 | D:1      | 0 ||| qw: Goals: Normal, Zot:1-4, Slime:5, God:TSO, Crypt,
                  | Tomb, Abyss, Pan, Hells, Win
     0 | D:1      | 0 ||| PLANNING D:1-11
   112 | D:1      | Reached XP level 2. HP: 13/19 MP: 2/2
   368 | D:1      | 368 ||| DROPPING +0 whip.
   702 | D:1      | 702 ||| UPGRADING to +0 cloak.
   707 | D:1      | 707 ||| UPGRADING to +0 tower shield.
   717 | D:1      | 717 ||| DROPPING +0 buckler.
   718 | D:1      | 718 ||| UPGRADING to ring of see invisible.
   719 | D:1      | 719 ||| READING scroll labelled NAEXISHR JUIQAW.
   724 | D:1      | 724 ||| READING scroll labelled OLIEXZ WI FADI.
   748 | D:2      | 748 ||| Stepping ~*~*~tactically~*~*~ (stealth).
   759 | D:2      | 759 ||| STAIRDANCE
   766 | D:1      | Reached XP level 3. HP: 19/23 MP: 3/3
   884 | D:2      | 884 ||| Stepping ~*~*~tactically~*~*~ (stealth).
   887 | D:2      | 887 ||| Stepping ~*~*~tactically~*~*~ (stealth).
   939 | D:2      | Reached skill level 4 in Shields
   961 | D:2      | You fall into a shaft and drop 1 floor!
  1169 | D:3      | 1169 ||| READING scroll labelled ZADOUH XOIFUIF.
  1170 | D:3      | 1170 ||| READING scroll labelled EVU MUNEU.
  1171 | D:3      | 1171 ||| DRINKING 2 brown potions.
  1192 | D:3      | Reached XP level 4. HP: 27/28 MP: 4/4
  1196 | D:3      | 1196 ||| FLEEEEING.
  1197 | D:3      | 1197 ||| STAIRDANCE
  1361 | D:2      | 1361 ||| Stepping ~*~*~tactically~*~*~ (stealth).
  1646 | D:2      | 1646 ||| READING scroll labelled TUMAOS TUKI.
  1683 | D:3      | 1683 ||| Stepping ~*~*~tactically~*~*~ (hiding).
  1685 | D:3      | 1685 ||| Stepping ~*~*~tactically~*~*~ (hiding).
  1801 | D:3      | 1801 ||| Stepping ~*~*~tactically~*~*~ (hiding).
  1811 | D:3      | Reached skill level 5 in Shields
  1814 | D:3      | 1814 ||| Stepping ~*~*~tactically~*~*~ (hiding).
  1827 | D:3      | 1827 ||| Stepping ~*~*~tactically~*~*~ (stealth).
  1832 | D:3      | 1832 ||| Stepping ~*~*~tactically~*~*~ (stealth).
  1845 | D:3      | Reached skill level 3 in Axes
  2079 | D:3      | 2079 ||| Stepping ~*~*~tactically~*~*~ (stealth).
  2084 | D:3      | 2084 ||| Stepping ~*~*~tactically~*~*~ (hiding).
  2086 | D:3      | 2086 ||| Stepping ~*~*~tactically~*~*~ (hiding).
  2103 | D:3      | 2103 ||| Stepping ~*~*~tactically~*~*~ (stealth).
  2199 | D:3      | Noticed a moth of wrath
  2200 | D:3      | 2200 ||| DRINKING 2 emerald potions.
  2200 | D:3      | Gained mutation: Your flesh is cold resistant. (rC+)
                  | [potion of mutation]
  2200 | D:3      | Gained mutation: You are partially covered in iridescent
                  | scales. (AC +2) [potion of mutation]
  2203 | D:3      | Found a bloodstained altar of Trog.
  2291 | D:4      | Reached XP level 5. HP: 32/32 MP: 5/5
  2385 | D:4      | Found a stormy altar of Qazlal.
  2385 | D:4      | Found an opulent altar of Gozag.
  2837 | D:4      | 2837 ||| DROPPING +0 mace.
  2906 | D:4      | Noticed a lemure
  2906 | D:4      | Noticed a lemure
  2906 | D:4      | Noticed a lemure
  2907 | D:4      | 2907 ||| Stepping ~*~*~tactically~*~*~ (stealth).
  2909 | D:4      | Noticed a lemure
  2924 | D:4      | HP: 6/32 [lemure[Pikel] (3)]
  2925 | D:4      | 2925 ||| READING scroll of teleportation.
  2928 | D:4      | 2928 ||| FLEEEEING.
  2929 | D:4      | 2929 ||| FLEEEEING.
  2930 | D:4      | 2930 ||| FLEEEEING.
  2931 | D:4      | 2931 ||| FLEEEEING.
  2932 | D:4      | 2932 ||| FLEEEEING.
  2933 | D:4      | 2933 ||| FLEEEEING.
  2934 | D:4      | 2934 ||| FLEEEEING.
  2935 | D:4      | 2935 ||| FLEEEEING.
  2936 | D:4      | 2936 ||| FLEEEEING.
  2937 | D:4      | 2937 ||| FLEEEEING.
  2938 | D:4      | 2938 ||| FLEEEEING.
  2939 | D:4      | 2939 ||| FLEEEEING.
  2940 | D:4      | 2940 ||| FLEEEEING.
  2941 | D:4      | 2941 ||| FLEEEEING.
  2942 | D:4      | 2942 ||| FLEEEEING.
  2944 | D:4      | 2944 ||| FLEEEEING.
  2945 | D:4      | 2945 ||| FLEEEEING.
  2946 | D:4      | 2946 ||| FLEEEEING.
  2947 | D:4      | 2947 ||| FLEEEEING.
  2948 | D:4      | 2948 ||| FLEEEEING.
  2949 | D:4      | 2949 ||| FLEEEEING.
  2950 | D:4      | 2950 ||| FLEEEEING.
  2951 | D:4      | 2951 ||| FLEEEEING.
  2952 | D:4      | 2952 ||| FLEEEEING.
  2953 | D:4      | 2953 ||| FLEEEEING.
  2954 | D:4      | 2954 ||| FLEEEEING.
  2955 | D:4      | 2955 ||| FLEEEEING.
  2956 | D:4      | 2956 ||| FLEEEEING.
  2957 | D:4      | 2957 ||| FLEEEEING.
  2958 | D:4      | 2958 ||| FLEEEEING.
  2959 | D:4      | 2959 ||| FLEEEEING.
  2960 | D:4      | 2960 ||| FLEEEEING.
  2961 | D:4      | 2961 ||| FLEEEEING.
  2962 | D:4      | 2962 ||| FLEEEEING.
  2963 | D:4      | 2963 ||| FLEEEEING.
  2964 | D:4      | 2964 ||| FLEEEEING.
  2965 | D:4      | 2965 ||| FLEEEEING.
  2966 | D:4      | 2966 ||| FLEEEEING.
  2967 | D:4      | 2967 ||| FLEEEEING.
  2968 | D:4      | 2968 ||| FLEEEEING.
  2969 | D:4      | 2969 ||| FLEEEEING.
  2970 | D:4      | 2970 ||| FLEEEEING.
  2971 | D:4      | 2971 ||| FLEEEEING.
  2972 | D:4      | 2972 ||| STAIRDANCE
  3024 | D:3      | 3024 ||| READING 2 scrolls labelled CISTRUTWETZ.
  3025 | D:3      | 3025 ||| DRINKING 2 clear potions.
  3026 | D:3      | 3026 ||| DRINKING 2 bubbling white potions.
  3027 | D:3      | 3027 ||| DRINKING potion of curing.
  3027 | D:3      | 3027 ||| (to cure confusion)
  3028 | D:3      | 3028 ||| DROPPING potion of ambrosia.
  3029 | D:3      | 3029 ||| DROPPING scroll of revelation.
  3036 | D:4      | Reached skill level 6 in Shields
  3118 | D:4      | Killed a lemure
  3119 | D:4      | HP: 4/32 [lemure[Pikel] (7)]
  3120 | D:4      | 3120 ||| DRINKING potion of heal wounds.
  3126 | D:4      | Killed a lemure
  3131 | D:4      | Killed a lemure
  3132 | D:4      | Noticed Pikel
  3134 | D:4      | HP: 5/32 [lemure[Pikel] (7)]
  3135 | D:4      | Killed a lemure
  3139 | D:4      | HP: 6/32 [ball python (1)]
  3141 | D:4      | Slain by Pikel

Levels and vault maps discovered:
D:1:      giann_bridges, layout_basic
D:2:      layout_basic
D:3:      layout_loops_ring, tgw_trog, lexackson_kobold_supper
D:4:      layout_basic, mainiacjoe_overflow_alcove_4, jmf_multi_god_temple,
          gammafunk_temple_overflow_wave, uniq_natasha, uniq_pikel

Skill      XL: |  1  2  3  4  5 |
---------------+----------------+-----
Axes           | 2 3 |  3.0
Shields        | 4 5 6 |  6.1
Fighting       | |  3.2
Armour         | |  3.2

Action                     |  1- 3 |  4- 6 || total
---------------------------+-------+-------++-------
  Melee: War axe           |   102 |   145 ||   247
    Use: Scroll            |     4 |     3 ||     7
         Potion            |     1 |     5 ||     6
 Armour: Scale mail        |    61 |    88 ||   149
  Dodge: Dodged            |    40 |    32 ||    72
  Block: Buckler           |    11 |       ||    11
         Tower shield      |    44 |   112 ||   156

Table legend:
 A = Non-vault XP
 B = Vault XP
 C = Vault XP percentage of total XP
 D = Non-vault monster count
 E = Vault monster count
 F = Vault count percentage of total count
                 A         B        C        D         E       F
            +---------+---------+-------+---------+---------+-------
      Total |     245 |      28 |  10.3 |      65 |      13 |  16.7
            +---------+---------+-------+---------+---------+-------
        D:1 |      44 |       0 |   0.0 |      21 |       0 |   0.0
        D:2 |      22 |       0 |   0.0 |       9 |       0 |   0.0
        D:3 |      75 |      18 |  19.4 |      22 |      11 |  33.3
        D:4 |     104 |      10 |   8.8 |      13 |       2 |  13.3
            +---------+---------+-------+---------+---------+-------
